 Dungeon Crawl Stone Soup version 0.30-a0-360-g447f08457e (webtiles) character file.

Game seed: 13007011466301190689

31692 Pooter the Severer (level 13, -14/186 HPs)
             Began as a Minotaur Monk on Nov 13, 2022.
             Was a High Priest of Okawaru.
             Killed by divine providence
             ... invoked by an orc high priest
              (16 damage)
             ... on level 2 of the Orcish Mines.
             The game lasted 01:17:18 (11565 turns).

Pooter the Severer (Minotaur Monk)                 Turns: 11565, Time: 01:17:19

Health: -14/186    AC: 26    Str: 32    XL:     13   Next: 27%
Magic:  17/17      EV:  2    Int:  7    God:    Okawaru [*****.]
Gold:   1583       SH:  0    Dex: 12    Spells: 12/12 levels left

rFire   . . .      SeeInvis .    a - +8 war axe of a Gauntlet {elec, *Slow rCorr Str+4}
rCold   . . .      Faith    .    (no shield)
rNeg    . . .      Spirit   .    (body armour currently unavailable)
rPois   +          Reflect  .    (helmet currently unavailable)
rElec   .          Harm     .    (cloak currently unavailable)
rCorr   +          Rampage  .    (gloves currently unavailable)
Will    .....      Clarity  +    (boots currently unavailable)
Stlth   +++....... NoTele   +    o - amulet of magic regeneration
HPRegen 0.51/turn                C - ring of resist corrosion
MPRegen 0.55/turn                n - +6 ring of strength

@: mighty, tree-form, heroic, invisible
A: stationary, stasis, torment immunity, boosted hp, (horns 2), (retaliatory
headbutt), clarity, robust 1, inability to read after injury 1, MP-powered wands
a: Renounce Religion, Heroism, Finesse, Duel


You were on level 2 of the Orcish Mines.
You worshipped Okawaru.
Okawaru was extremely pleased with you.
You were a tree.
You visited 3 branches of the dungeon, and saw 12 of its levels.
You also visited: Sewer, Ossuary and Bailey.

You collected 1583 gold pieces.

Inventory:

Hand Weapons
 a - the +8 war axe of a Gauntlet (weapon) {elec, *Slow rCorr Str+4}
   (You found it on level 7 of the Dungeon)

   It occasionally discharges a powerful burst of electricity upon striking a
   foe.
   Str:       It affects your strength (+4).
   rCorr:     It protects you from acid and corrosion.
   *Slow:     It may slow you when you take damage.
 b - a +0 shortbow
   (You took it off a centaur on level 8 of the Dungeon)
 g - a +4 spear of venom
   (You took it off a gnoll sergeant on level 1 of the Orcish Mines)
 B - the +7 whip "Ipitex" {vorpal, *Slow +Blink rN+ Will+++}
   (You found it on level 4 of the Dungeon)

   It inflicts extra damage upon your enemies.
   rN:        It protects you from negative energy.
   +Blink:    It lets you blink.
   *Slow:     It may slow you when you take damage.
   Will:      It greatly increases your willpower.
 K - a +1 vampiric glaive
   (You took it off a vampire in a bailey)
Missiles
 m - 4 javelins
 p - 18 boomerangs (quivered)
 x - 32 poisoned darts
 Q - 31 stones
Armour
 k - a +2 pair of gloves (melded)
   (You found it on level 1 of the Dungeon)
 w - a +2 plate armour of fire resistance
   (You found it in a bailey)
 G - the +9 ring mail of the Shimmering Gods {rF+ Int+6}
   (You found it on level 6 of the Dungeon)

   Int:       It affects your intelligence (+6).
   rF:        It protects you from fire.
 H - a scarf of repulsion (melded)
   (You found it on level 7 of the Dungeon)
 N - a +0 pair of boots (melded)
   (You found it on level 7 of the Dungeon)
 U - the +15 Maxwell's patent armour (melded) {-Cast -Tele rElec Will+ rCorr}
   (You acquired it in an ossuary)

   rElec:     It insulates you from electricity.
   -Cast:     It prevents spellcasting.
   -Tele:     It prevents most forms of teleportation.
   rCorr:     It protects you from acid and corrosion.
   Will:      It increases your willpower.
 V - a +1 hat (melded)
   (You found it on level 4 of the Dungeon)
Jewellery
 n - a +6 ring of strength (right branch)
   (You found it on level 2 of the Dungeon)
 o - an amulet of magic regeneration (around neck)
   (You found it on level 2 of the Dungeon)
 u - an amulet of faith {!P}
   (You found it on level 6 of the Dungeon)
 C - a ring of resist corrosion (left branch)
   (You found it on level 1 of the Dungeon)
 R - a ring of ice
   (You found it in an ossuary)
Wands
 f - a wand of flame (4)
   (You found it on level 8 of the Dungeon)
 y - a wand of roots (1)
   (You took it off a kobold on level 7 of the Dungeon)
 O - a wand of quicksilver (2)
   (You took it off a kobold brigand on level 8 of the Dungeon)
Scrolls
 j - 2 scrolls of immolation {!r}
 q - 2 scrolls of fog
 t - a scroll of teleportation {@r4}
 v - 2 scrolls of blinking
 M - a scroll of noise {!r}
 P - a scroll of torment {unknown}
 T - 2 scrolls of amnesia
 Y - a scroll of enchant armour {unknown}
Potions
 c - 5 potions of ambrosia
 d - a potion of might
 e - 3 potions of attraction {!q}
 h - 2 potions of curing {@q1}
 l - a potion of invisibility
 r - 2 potions of haste {@q3}
 z - a potion of heal wounds {unknown}
 A - 2 potions of berserk rage {unknown}
 D - a potion of lignification {!q}
 E - 4 potions of brilliance
 S - a potion of mutation {!q}
 W - a potion of degeneration {unknown}
 Z - 2 potions of flight
Miscellaneous
 s - a piece from Xom's chessboard (15/15)
   (You found it in a bailey)


   Skills:
 + Level 10.0(15.0) Fighting
 * Level 15.6(20.7) Axes
 - Level 2.5(15.5) Polearms
 * Level 13.9(18.9) Ranged Weapons
 + Level 7.5(12.5) Armour
 - Level 3.2(8.2) Dodging
 - Level 1.5(6.5) Stealth
 + Level 6.9 Invocations
 + Level 3.9 Evocations


You had 12 spell levels left.
You didn't know any spells.
Your spell library contained the following spells:

 Spells                   Type           Power      Damage    Failure   Level
 Blink                    Tloc           0%         N/A       56%         2
 Momentum Strike          Conj/Tloc      0%         3d8       56%         2
 Hailstorm                Conj/Ice       0%         3d3       80%         3
 Inner Flame              Hex/Fire       0%         N/A       80%         3
 Lesser Beckoning         Tloc           0%         N/A       80%         3
 Spider Form              Tmut/Pois      0%         N/A       80%         3
 Airstrike                Air            0%         2d(0-16)  99%         4
 Ice Form                 Ice/Tmut       0%         N/A       99%         4
 Freezing Cloud           Conj/Ice/Air   0%         6-21      100%        5
 Lightning Bolt           Conj/Air       0%         1d11      100%        5
 Yara's Violent Unravell  Hex/Tmut       0%         3d3       100%        5
 Borgnjor's Revivificati  Necr           0%         N/A       100%        8
 Necromutation            Tmut/Necr      0%         N/A       100%        8
 Death's Door             Necr           0%         N/A       100%        9
 Polar Vortex             Ice            0%         N/A       100%        9
 Summon Lightning Spire   Summ/Air       Unusable   N/A       N/A         4
 Simulacrum               Ice/Necr       Unusable   N/A       N/A         6

Dungeon Overview and Level Annotations

Branches:
Dungeon (9/15)             Temple (1/1) D:6             Orc (2/2) D:9
    Elf (0/3) Orc:2         Sewer (visited)         Ossuary (visited)
 Bailey (visited)
   Lair: D:8-11

Altars:
Ashenzari
Dithmenos
Elyvilon
Fedhas
Gozag
Hepliaklqana
Okawaru
Qazlal
Wu Jian
Xom

Shops:
D:7 :


Innate Abilities, Weirdness & Mutations

You are a tree.
Your roots penetrate the ground, keeping you stationary.
You cannot be teleported.
You are immune to unholy pain and torment.
Your maximum health is greatly increased.
Your equipment is partially melded.
((You have a pair of horns on your head.))
((You reflexively headbutt those who attack you in melee.))
You possess an exceptional clarity of mind.
You are robust. (+10% HP)
You occasionally lose the ability to read scrolls when taking damage.
You expend magic power (3 MP) to strengthen your wands.


Message History

The orc high priest is engulfed in poison gas.
The orc high priest is poisoned.
It was a potion of mutation.
You feel extremely strange.
You feel robust.
Your body's shape seems more normal.
You feel your magical essence link to the dungeon's wands.
You feel robust.
You occasionally lose the ability to read scrolls when taking damage.
Your thoughts seem clearer.
The orc warrior shoots a bolt.
The bolt hits you but does no damage.
An orc priest comes into view. It is wielding a +0 whip.
The orc high priest is engulfed in poison gas.
The orc high priest looks even sicker.
Throw: 18 boomerangs
Aim: an orc high priest, wielding a +2 battleaxe of venom and wearing a +0 chain mail (moderately wounded, strong, unable to see you, very poisoned, 67% to hit)
You throw a boomerang. The boomerang hits the orc high priest!
The orc warrior shoots a bolt.
The bolt hits you but does no damage.
An orc priest comes into view. It is wielding a +0 whip.
Throw: 18 boomerangs
Aim: an orc high priest, wielding a +2 battleaxe of venom and wearing a +0 chain mail (heavily wounded, wandering, strong, unable to see you, very poisoned, hasn't noticed you, 67% to hit)
You throw a boomerang. The boomerang hits the orc high priest!
The orc warrior shoots a bolt.
The bolt closely misses the orc warrior.
The bolt hits you.
* * * LOW HITPOINT WARNING * * *
You fade further into invisibility.
The orc warrior shoots a bolt.
The bolt misses the orc knight.
The bolt hits you!
* * * LOW HITPOINT WARNING * * *
The orc priest shouts!
You barely miss the orc knight.
The orc knight hits you with a +0 great sword!
* * * LOW HITPOINT WARNING * * *
You slice the orc knight!!
The orc warrior shoots a bolt.
The bolt closely misses the orc high priest.
The bolt hits the orc knight!
You slice the orc knight!!
Lightning courses through the orc knight!
You kill the orc knight!
Okawaru accepts your kill.
The orc no longer looks unusually strong.
The orc warrior unwields a +0 glaive.
The orc warrior wields a +0 arbalest.
The orc warrior shoots a bolt.
The bolt hits the orc high priest but does no damage.
The orc priest calls upon Beogh to heal the orc high priest.
The orc high priest is healed somewhat.
The orc warrior shoots a bolt.
The bolt closely misses the orc warrior.
You closely miss the orc warrior.
The orc high priest invokes the aid of Beogh against you.
Beogh smites you!
You die...

#.. . ###.#.###
##...)o..## ##
#..#ooo#..# .##
#...)oo.oo## ..#
...#.oo#o).#
..#####
.....o..)°.######
....#.#
...#..o#°.)°##..##
#.....#
°.....)♣)°..##...#
....#.#
...#...#..°.##...#
#...###
.°........°.°##...#
#....##
...°#.°.#.°..##...#
##....#
#.....°..°..###...#
......#
.°.#°..#...# #..##
...#..#
#.......°.## #..##
......# #°.#.°.#°.#
#...# .#.#..#
#.......## #...#


You could see 3 orc high priests, 6 orc warriors, 2 orc priests and 2 orcs.

Vanquished Creatures
  Erolcha (Orc:1)
  A death knight (Arena)
  An orc high priest (Orc:2)
  Urug (Orc:1)
  Pikel (D:7)
  5 orc knights
  2 orc sorcerers
  A faun (Orc:2)
  A cyclops (D:8)
  A gargoyle (Bailey)
  4 trolls
  Grinder (D:5)
  A hornet (D:8)
  A vampire (Bailey)
  A shadow (D:9)
  3 yaks (D:9)
  7 steam dragons
  Menkaure (D:7)
  A warg (Orc:1)
  6 water moccasins
  17 orc warriors
  An ice beast (D:8)
  4 sky beasts (D:7)
  2 black bears
  A boggart (Orc:2)
  6 ogres
  2 phantoms (D:6)
  A centaur (D:8)
  2 lemures (D:7)
  5 kobold brigands
  3 scorpions
  3 bullfrogs (D:8)
  An elf zombie (Ossuary)
  2 gnoll sergeants
  A wight (D:7)
  5 killer bees
  6 vampire bats (Bailey)
  A howler monkey (Orc:1)
  9 wolf zombies (Bailey)
  5 hounds
  3 jellies
  2 human zombies (Ossuary)
  28 orc priests
  A gnoll bouda (Orc:1)
  An iguana (D:6)
  14 orc wizards
  4 mummies (Ossuary)
  9 gnolls
  11 adders
  8 river rats
  2 shadow imps (D:7)
  2 ufetubi (D:5)
  An adder zombie (Ossuary)
  4 worms
  3 dart slugs
  92 orcs
  3 endoplasms
  9 giant cockroaches
  11 goblins
  12 jackals
  2 quokkas
  9 ball pythons
  5 bats
  12 frilled lizards
  A goblin zombie (Ossuary)
  A jackal zombie (Ossuary)
  14 kobolds
  2 kobold zombies (Ossuary)
  24 orc zombies
  4 rats
  2 rat zombies (Ossuary)
414 creatures vanquished.

Vanquished Creatures (others)
  An orc priest (Orc:2)
  A kobold (D:8)
  14 plants (Sewer)
16 creatures vanquished.

Grand Total: 430 creatures vanquished

Notes
Turn   | Place    | Note
-------+----------+-------------------------------------------
     0 | D:1      | Pooter the Minotaur Monk began the quest for the Orb.
     0 | D:1      | Reached XP level 1. HP: 19/19 MP: 0/0
   163 | D:1      | Reached skill level 4 in Axes
   229 | D:1      | Reached XP level 2. HP: 27/27 MP: 1/1
  1040 | D:2      | Identified the +1 robe of Incorporation {Drain rCorr Int-3
                  | Dex+4}
  1061 | D:2      | Reached XP level 3. HP: 33/33 MP: 2/2
  1276 | D:2      | Reached skill level 5 in Axes
  1999 | D:3      | Reached XP level 4. HP: 41/41 MP: 3/3
  2027 | D:3      | Found a hazy altar of Hepliaklqana.
  2096 | D:3      | Reached skill level 1 in Ranged Weapons
  2558 | D:3      | Found a shimmering altar of Xom.
  2599 | D:3      | You fall into a shaft and drop 3 floors!
  2702 | D:6      | Found a white marble altar of Elyvilon.
  2807 | D:6      | Noticed a phantom
  2822 | D:6      | Killed a phantom
  2823 | D:6      | Reached XP level 5. HP: 42/47 MP: 4/4
  2861 | D:6      | Noticed a black bear
  2875 | D:6      | Killed a black bear
  2876 | D:6      | Reached skill level 5 in Fighting
  2876 | D:6      | Reached skill level 6 in Axes
  2898 | D:6      | Noticed a water moccasin
  2907 | D:6      | Killed a water moccasin
  2908 | D:6      | Reached XP level 6. HP: 51/56 MP: 5/5
  2944 | D:6      | Found a staircase to the Ecumenical Temple.
  2953 | Temple   | Entered the Ecumenical Temple
  2966 | Temple   | Became a worshipper of Warmaster Okawaru
  2966 | Temple   | Reached * piety under Okawaru
  2966 | Temple   | Reached ** piety under Okawaru
  3009 | D:5      | Entered Level 5 of the Dungeon
  3184 | D:5      | Reached skill level 7 in Axes
  3221 | D:5      | Reached XP level 7. HP: 62/62 MP: 6/6
  3335 | D:5      | Found a glowing drain.
  3339 | Sewer    | Entered a sewer
  3609 | Sewer    | Reached skill level 5 in Ranged Weapons
  4034 | D:5      | Reached *** piety under Okawaru
  4035 | D:5      | Reached skill level 8 in Axes
  4037 | D:5      | Reached XP level 8. HP: 53/70 MP: 7/7
  4141 | D:4      | Identified the +7 whip "Ipitex" {vorpal, *Slow +Blink rN+
                  | Will+++}
  5427 | D:5      | Noticed Grinder
  5438 | D:5      | Killed Grinder
  5538 | D:6      | Reached skill level 9 in Axes
  5747 | D:6      | Identified the +9 ring mail of the Shimmering Gods {rF+
                  | Int+6}
  6020 | D:6      | Reached **** piety under Okawaru
  6312 | D:7      | Reached skill level 10 in Axes
  6312 | D:7      | Reached XP level 9. HP: 47/79 MP: 8/8
  6335 | D:7      | Found a flagged portal.
  6512 | Bailey   | Entered a bailey
  6593 | Bailey   | Noticed a gargoyle
  6624 | Bailey   | Killed a gargoyle
  6890 | Bailey   | Reached skill level 11 in Axes
  7383 | D:7      | Found Jaefiop's Book Shop.
  7410 | D:7      | Reached skill level 1 in Polearms
  7414 | D:7      | Reached skill level 1 in Invocations
  7414 | D:7      | Reached skill level 1 in Evocations
  7417 | D:7      | Reached ***** piety under Okawaru
  7452 | D:7      | Reached XP level 10. HP: 82/89 MP: 9/9
  7517 | D:7      | Identified the +8 war axe of a Gauntlet {elec, *Slow rCorr
                  | Str+4}
  7706 | D:7      | Noticed Menkaure
  7706 | D:7      | Noticed Pikel
  7711 | D:7      | Killed Pikel
  7713 | D:7      | Killed Menkaure
  8051 | D:8      | Found an ornate altar of the Wu Jian Council.
  8063 | D:8      | Reached skill level 10 in Ranged Weapons
  8180 | D:8      | Found a sand-covered staircase.
  8189 | Ossuary  | Entered an ossuary
  8374 | Ossuary  | Identified a scroll of acquirement
  8375 | Ossuary  | Acquired the +15 Maxwell's patent armour {-Cast -Tele rElec
                  | Will+ rCorr}
  8375 | Ossuary  | Found the +15 Maxwell's patent armour {-Cast -Tele rElec
                  | Will+ rCorr}
  8394 | Ossuary  | Reached skill level 13 in Axes
  8394 | Ossuary  | Reached XP level 11. HP: 95/95 MP: 10/13
  8395 | Ossuary  | Reached skill level 14 in Axes
  8395 | Ossuary  | Reached skill level 5 in Invocations
  8395 | Ossuary  | Reached XP level 12. HP: 103/103 MP: 10/15
  8464 | D:8      | Found a blossoming altar of Fedhas.
  8476 | D:8      | Found a stormy altar of Qazlal.
  9177 | D:8      | Noticed a death knight
  9179 | Arena    | Entered the Arena
  9183 | Arena    | Killed a death knight
  9203 | D:8      | Got the Parchment of Ash
  9731 | D:9      | Found a staircase to the Orcish Mines.
  9737 | Orc:1    | Entered Level 1 of the Orcish Mines
 10045 | Orc:1    | Reached skill level 15 in Axes
 10056 | Orc:1    | Noticed Urug
 10065 | Orc:1    | Killed Urug
 10226 | Orc:1    | Noticed Erolcha
 10234 | Orc:1    | Killed Erolcha
 10240 | Orc:1    | Gained mutation: You are frail. (-10% HP) [a neqoxec]
 10244 | Orc:1    | Identified the +8 longbow "Ecucw" {drain, Dex+4} (Okawaru
                  | gifted it to you on level 1 of the Orcish Mines)
 10244 | Orc:1    | Received a gift from Okawaru
 10257 | Orc:1    | Reached XP level 13. HP: 61/100 MP: 16/16
 10559 | Orc:2    | Entered Level 2 of the Orcish Mines
 10559 | Orc:2    | Found a staircase to the Elven Halls.
 11526 | Orc:2    | Gained mutation: Armour fits poorly on your strangely
                  | shaped body. [a neqoxec]
 11550 | Orc:2    | Reached skill level 10 in Fighting
 11556 | Orc:2    | Received a gift from Okawaru
 11558 | Orc:2    | Lost mutation: You are frail. (-10% HP) [potion of
                  | mutation]
 11558 | Orc:2    | Lost mutation: Armour fits poorly on your strangely shaped
                  | body. [potion of mutation]
 11558 | Orc:2    | Gained mutation: You expend magic power (3 MP) to
                  | strengthen your wands. [potion of mutation]
 11558 | Orc:2    | Gained mutation: You are robust. (+10% HP) [potion of
                  | mutation]
 11558 | Orc:2    | Gained mutation: You occasionally lose the ability to read
                  | scrolls when taking damage. [potion of mutation]
 11558 | Orc:2    | Gained mutation: You possess an exceptional clarity of
                  | mind. [potion of mutation]
 11562 | Orc:2    | HP: 1/186 [orc knight/+0 great sword (14)]
 11565 | Orc:2    | Killed from afar by an orc high priest

Illustrated notes

Levels and vault maps discovered:
D:1:      dpeg_arrival_brainrot, layout_basic, minmay_lizard_pond
D:2:      layout_basic
D:3:      layout_loops_corners, mainiacjoe_overflow_boulevard,
          nicolae_overflow_hidden_temple
D:4:      layout_loops_ring
D:5:      layout_rooms, gup_sewer_entry_spiral, uniq_grinder
D:6:      layout_loops_corners, mainiacjoe_overflow_surrounded_room,
          minmay_temple_entry_drinking_statues
D:7:      layout_loops_ring, serial_shops, shop, enter_bailey_3,
          minmay_misc_feat_five, hangedman_misty_isle, uniq_menkaure, uniq_pikel
D:8:      nzn_winding_woodlands_medium [nzn_winding_woodlands_5x5_closed_star,
          nzn_winding_woodlands_5x15_pockets,
          nzn_winding_woodlands_5x5_checkerboard,
          nzn_winding_woodlands_5x5_cross,
          nzn_winding_woodlands_center_diamonds,
          nzn_winding_woodlands_hourglass, nzn_winding_woodlands_5x5_open_star,
          nzn_winding_woodlands_5x15_eye, nzn_winding_woodlands_5x5_perimeter],
          layout_basic, nicolae_qazlal_scattered_showers, fedhas_altar_1,
          nicolae_wu_jian_wuxing_cycle, lightli_ossuary_entry_decrepit_ruins,
          serial_rivers, chequers_serial_rivers_large_a,
          chequers_serial_rivers_large_b, chequers_serial_rivers_small_3,
          chequers_serial_rivers_micro_a, chequers_serial_rivers_small_3,
          chequers_serial_rivers_room_a
D:9:      nicolae_cairo_tiling, layout_small_grid,
          lemuel_mausoleum_altar_kikubaaqudgha, zin_scriptorium, orc_0_dummy
Temple:   nicolae_temple_superstar
Orc:1:    layout_caves, lightli_orcish_oven, uniq_erolcha, uniq_urug
Orc:2:    st_orc_pillars, layout_caves

Skill      XL: |  1  2  3  4  5  6  7  8  9 10 11 12 13 |
---------------+----------------------------------------+-----
Axes           | 4 5 6 7 8 10 11 13 14 15 | 15.6
Fighting       | 4 5 6 7 8 9 10 | 10.0
Ranged Weapons | 2 3 4 5 7 9 11 12 13 | 13.9
Polearms       | 2 |  2.5
Invocations    | 1 4 5 6 |  6.9
Evocations     | 1 2 3 |  3.9
Armour         | 4 6 7 |  7.5
Dodging        | |  3.2
Stealth        | |  1.5

Action                   |  1- 3 |  4- 6 |  7- 9 | 10-12 | 13-15 || total
-------------------------+-------+-------+-------+-------+-------++-------
Melee: Hand axe          |    68 |    47 |       |       |       ||   115
       Headbutt          |    10 |    12 |    51 |    34 |    17 ||   124
       Punch             |     1 |     1 |     4 |     4 |     2 ||    12
       War axe           |       |     8 |   242 |   215 |    85 ||   550
       Glaive            |       |       |    44 |       |       ||    44
       Flail             |       |       |     7 |       |       ||     7
 Fire: Sling             |    28 |    26 |    79 |    16 |       ||   149
       Shortbow          |       |       |       |    24 |    27 ||    51
Throw: Stone             |     5 |       |       |       |       ||     5
       Dart              |     1 |    12 |     4 |       |       ||    17
       Boomerang         |       |       |    10 |     4 |    19 ||    33
Invok: Heroism           |       |       |     9 |    10 |     4 ||    23
       Duel              |       |       |       |     1 |       ||     1
Evoke: Wand              |       |       |       |     5 |    14 ||    19
  Use: Scroll            |     1 |     2 |     9 |     9 |     1 ||    22
       Potion            |       |       |       |     3 |     8 ||    11
 Stab: Sleeping          |     5 |       |       |       |       ||     5
       Invisible         |       |       |       |       |     7 ||     7
Armor: Robe              |     9 |       |       |       |       ||     9
       Acid dragon scale |     7 |     8 |       |       |       ||    15
       Chain mail        |       |    33 |    63 |       |       ||    96
       Ring mail         |       |       |    72 |       |       ||    72
       Plate armour      |       |       |    46 |   115 |    47 ||   208
       Skin              |       |       |       |       |     4 ||     4
Dodge: Dodged            |    32 |    32 |   170 |    99 |    44 ||   377
       Repelled          |       |       |       |     1 |     1 ||     2

Table legend: (Time is in decaauts)
 A = Elapsed time spent in this place.
 B = Non-inter-level travel time spent in this place.
 C = Inter-level travel time spent in this place.
 D = Time resting spent in this place.
 E = Time spent auto-exploring this place.
 F = Levels seen in this place.
 G = Mean time per level.
                   A        B        C        D        E       F      G
               +--------+--------+--------+--------+--------+-----+--------+
         Total |  11774 |  11495 |    279 |   1443 |   6837 |  16 |  735.9 |
       Dungeon |   8322 |   8055 |    267 |    835 |   5009 |   9 |  924.7 |
        Temple |     26 |     14 |     12 |      0 |      4 |   1 |   26.0 |
  Orcish Mines |   1710 |   1710 |      0 |    257 |    965 |   2 |  855.0 |
         Sewer |    728 |    728 |      0 |     10 |    584 |   1 |  728.0 |
       Ossuary |    219 |    219 |      0 |      7 |    127 |   1 |  219.0 |
        Bailey |    754 |    754 |      0 |    334 |    147 |   1 |  754.0 |
         Arena |     12 |     12 |      0 |      0 |      0 |   1 |   12.0 |
               +--------+--------+--------+--------+--------+-----+--------+

Top non-repeatable levels by time:
     D:8: 1310 daAuts
     D:3: 1214 daAuts
     D:6: 1141 daAuts
     D:7: 1023 daAuts
     D:1: 1015 daAuts
   Orc:2: 986 daAuts
     D:5: 878 daAuts
     D:2: 763 daAuts
  Bailey: 754 daAuts
   Sewer: 728 daAuts
   Orc:1: 724 daAuts
     D:4: 714 daAuts
     D:9: 260 daAuts
 Ossuary: 219 daAuts
  Temple: 26 daAuts
